 Dungeon Crawl Stone Soup version 0.25.1-8-g42b30a86e7 (webtiles) character file.

Game seed: 8534801836735370136

79 Destapler the Skirmisher (level 4, -4/36 HPs)
             Began as a Demonspawn Chaos Knight on Dec 11, 2020.
             Was a Plaything of Xom.
             Slain by a worker ant (8 damage)
             ... on level 3 of the Dungeon.
             The game lasted 00:07:14 (2776 turns).

Destapler the Skirmisher (Demonspawn Chaos Knight)  Turns: 2776, Time: 00:07:14

Health: -4/36      AC:  8    Str: 13    XL:     4   Next: 17%
Magic:  4/4        EV:  9    Int: 14    God:    Xom [.*....]
Gold:   65         SH:  8    Dex: 12    Spells: 3/3 levels left

rFire    . . .     SeeInvis .   a - +0 mace (chaos)
rCold    . . .     Gourm    .   k - +1 kite shield
rNeg     . . .     Faith    .   b - +2 leather armour
rPois    .         Spirit   .   (no helmet)
rElec    .         Reflect  .   (no cloak)
rCorr    .         Harm     .   (no gloves)
MR       .....                  (no boots)
Stlth    +.........             (no amulet)
HPRegen  0.12/turn              (no ring)
MPRegen  0.09/turn              (no ring)

@: no status effects
A: claws 1, slimy green scales 2
a: Renounce Religion


You were on level 3 of the Dungeon.
You worshipped Xom.
You were a plaything of Xom.
You were hungry.

You visited 1 branch of the dungeon, and saw 4 of its levels.

You collected 65 gold pieces.

Inventory:

Hand Weapons
 a - a +0 mace of chaos (weapon)
Missiles
 d - 31 poisoned darts (quivered)
Armour
 b - a +2 leather armour (worn)
 k - a +1 kite shield (worn)
Scrolls
 e - a scroll of noise
 f - 2 scrolls of identify
 h - a scroll of enchant armour
Potions
 o - a potion of degeneration
Comestibles
 c - 4 rations


   Skills:
 + Level 3.6 Fighting
 * Level 3.4 Maces & Flails
 - Level 2.3 Armour
 - Level 1.7 Dodging
 + Level 0.2 Shields


You had 3 spell levels left.
You didn't know any spells.
Your spell library was empty.

Dungeon Overview and Level Annotations

Branches:
Dungeon (4/15)
 Temple: D:4-7

Altars:
Hepliaklqana
Uskayaw


Innate Abilities, Weirdness & Mutations

You have sharp fingernails.
You are mostly covered in slimy green scales. (AC +3)


Message History

The worker ant barely misses you. You block the worker ant's attack.
The worker ant bites you but does no damage.
Things that are here:
a +0 flail; an orc corpse The worker ant closely misses you.
You block the worker ant's attack. The worker ant bites you.
* * * LOW HITPOINT WARNING * * *
The worker ant bites you.
* * * LOW HITPOINT WARNING * * *
You block the worker ant's attack.
The worker ant bites you but does no damage.
The worker ant bites you but does no damage.
The worker ant bites you but does no damage.
The worker ant bites you but does no damage.
You closely miss the worker ant.
The worker ant is moderately wounded.
The worker ant bites you!
You die...
Xom chortles!

... #..........# ....
#..........# ....
#..........# ######
#..#..........# #..?.#
#............# ########....#
###..........###......)....#
####.#..####...######$.[.#
#.#.$.###.### #...?#
..#.#.@a....# #....# .##
#####...# ###### . #...#
....# ....# ....# #. .....#
##... #.# .#### .### ..#
....# #.##.#... ..#


You could see a worker ant (berserk, fast).

Vanquished Creatures
  A gnoll (D:1)
  2 adders
  A worm (D:2)
  A dart slug (D:1)
  A leopard gecko (D:3)
  2 orcs (D:3)
  A ball python (D:2)
  4 bats
  2 giant cockroaches (D:2)
  3 goblins
  6 hobgoblins
  2 quokkas
  4 frilled lizards
  9 kobolds (D:1)
  5 rats
44 creatures vanquished.

Notes
Turn   | Place    | Note
-------+----------+-------------------------------------------
     0 | D:1      | Destapler the Demonspawn Chaos Knight began the quest for
                  | the Orb.
     0 | D:1      | Reached XP level 1. HP: 18/18 MP: 1/1
    42 | D:1      | Reached skill level 1 in Dodging
   194 | D:1      | Gained mutation: You have sharp fingernails. [demonic
                  | ancestry]
   194 | D:1      | Reached XP level 2. HP: 22/24 MP: 2/2
   243 | D:1      | XOM: silly message
   326 | D:1      | XOM: silly message
   561 | D:1      | XOM: 4-stop teleportation journey
   608 | D:1      | Gained mutation: You are partially covered in slimy green
                  | scales. (AC +2) [demonic ancestry]
   608 | D:1      | Reached XP level 3. HP: 25/29 MP: 3/3
  1195 | D:2      | Found a hazy altar of Hepliaklqana.
  2289 | D:3      | Gained mutation: You are mostly covered in slimy green
                  | scales. (AC +3) [demonic ancestry]
  2289 | D:3      | Reached XP level 4. HP: 30/35 MP: 4/4
  2373 | D:3      | XOM: 6-stop teleportation journey
  2379 | D:3      | XOM: enchant monster (good)
  2423 | D:3      | XOM: cloud trail
  2733 | D:4      | XOM: 1-stop teleportation journey
  2750 | D:4      | Found a hide-covered altar of Uskayaw.
  2756 | D:4      | Noticed a +0 dagger
  2776 | D:3      | Slain by a worker ant

Illustrated notes

Levels and vault maps discovered:
D:1:      minmay_arrival_wavy_path, layout_basic, minmay_hedge_maze,
          nrook_loot_triangle, minivault_25
D:2:      layout_loops_corners, old_standard_altar, grunt_ministairs_12,
          minmay_misc_feat_ornament, serial_bayou_ford_a
D:3:      layout_rooms
D:4:      layout_basic, dancing_weapons_uskayaw

Skill      XL: |  1  2 |
---------------+-------+-----
Dodging        | 1 |  1.7
Armour         | 2 |  2.3
Maces & Flails | 3 |  3.4
Fighting       | |  3.6
Shields        | |  0.2

Action                   |  1- 3 |  4- 6 || total
-------------------------+-------+-------++-------
Melee: Mace              |    97 |    30 ||   127
  Use: Scroll            |       |     8 ||     8
  Eat: Chunk             |     4 |     1 ||     5
Armor: Leather armour    |    30 |    29 ||    59
Dodge: Dodged            |    66 |    28 ||    94
Block: Kite shield       |     3 |    26 ||    29
